AoeStats
← [JG]Moonjumper

Lombardia

507951678Analyzed
2v2 RM · 11d ago on Sep 20, 2026· 61m 17s· 4 players
Game mode
Random Map
Map size
Medium (4 player)
Population
200
Speed
Normal
Resources
Standard
Victory
Conquest
Starting age
Dark Age
Ending age
Imperial Age
RankedLock teamsTeams togetherTeam positionsShared explorationLock speedFull tech treeHidden civsTurbo modeCheats
Victory
Defeat
🇪🇸 Mongols · Spain
1009
+14
🇹🇷 Magyars · Türkiye
958
+15
🇵🇱 Muisca · Poland
962
-15
🇺🇸 Romans · United States
949
-14
IIronBlood
11:52 Feudal Age
16:53 Castle Age
14:57 Double-Bit Axe
19:22 Bloodlines
19:12 Husbandry
19:40 Bow Saw
19:58 Loom
21:44 Wheelbarrow
22:07 Padded Archer Armor
25:33 Thumb Ring
28:23 Hand Cart
30:01 Gold Mining
30:01 Stone Mining
31:49 Gold Shaft Mining
31:37 Horse Collar
33:31 Fletching
33:48 Scale Barding Armor
33:59 Leather Archer Armor
34:13 Bodkin Arrow
37:10 Imperial Age
34:47 Corvinian Army
38:20 Conscription
38:04 Recurve Bow
39:12 Ballistics
39:53 Chemistry
40:26 Elite Magyar Huszar
45:03 Heavy Plow
46:30 Chain Barding Armor
46:41 Ring Archer Armor
46:12 Bracer
48:15 Plate Barding Armor
52:36 Two-Man Saw
59:04 Crop Rotation
Noxorus
9:55 Loom
11:41 Feudal Age
15:53 Castle Age
15:00 Double-Bit Axe
18:18 Horse Collar
20:39 Fletching
21:45 Stone Mining
26:22 Wheelbarrow
26:12 Town Watch
28:07 Gold Mining
28:52 Padded Archer Armor
28:57 Husbandry
30:21 Gold Shaft Mining
30:22 Stone Shaft Mining
30:00 Bow Saw
30:03 Heavy Plow
31:50 Bodkin Arrow
32:11 Leather Archer Armor
34:26 Hand Cart
34:46 Masonry
34:56 Ballistics
38:59 Imperial Age
39:02 Onager
40:07 Conscription
39:55 Bracer
40:57 Chemistry
40:50 Drill
40:40 Siege Onager
41:55 Elite Mangudai
43:15 Hoardings
42:48 Siege Engineers
43:53 Capped Ram
45:59 Siege Ram
50:51 Town Patrol
[JG]Moonjumper
1:53 Loom
10:50 Feudal Age
12:21 Double-Bit Axe
14:52 Horse Collar
19:50 Gold Mining
19:51 Stone Mining
20:55 Fletching
22:16 Padded Archer Armor
25:42 Castle Age
25:44 Elite Skirmisher
26:30 Thumb Ring
27:10 Bodkin Arrow
27:30 Leather Archer Armor
33:34 Wheelbarrow
36:56 Hand Cart
38:15 Pikeman
38:56 Squires
39:59 Town Watch
43:20 Crossbowman
44:05 Scale Mail Armor
44:15 Forging
47:10 Imperial Age
45:26 Ballistics
45:17 Masonry
46:48 Herbalism
48:26 Conscription
47:29 Arbalester
50:19 Chemistry
50:53 Champi Runner
53:35 Champi Warrior
53:44 Champi Warrior
61:39 Town Patrol
adam_lomzyca
0:28 Loom
15:19 Feudal Age
17:48 Wheelbarrow
17:03 Horse Collar
17:11 Double-Bit Axe
17:44 Man-at-Arms
21:11 Castle Age
22:26 Bow Saw
22:36 Gold Mining
24:44 Stone Mining
30:20 Imperial Age
27:30 Pikeman
27:33 Elite Skirmisher
32:57 Hand Cart
36:57 Long Swordsman
39:37 Conscription
40:27 Forging
40:18 Scale Mail Armor
40:10 Fletching
46:33 Town Watch
46:54 Padded Archer Armor
Connection lost

Rejoining the realm…

Still unreachable

The connection could not be restored.

Session expired

The server has moved on; the page needs a fresh start.